Map: Orbital Shipyard

Players

ReVolt - Winner!

  • Race: Terran Terran
  • League: Diamond

LilDicky

  • Race: Terran Terran
  • League: Diamond

VOD

http://www.twitch.tv/tumescentpie

Description

Time

  • Played on: Jan. 1, 2016, 10:15 p.m.
  • Length: 11:55
Show
View Real Time Build Order
Export as new Build Order

ReVolt Terran - Winner!

Build Orders: Reaper Expand, Mech 

Get SALT Encoding   

  12  0:01  SCV  
  13  0:13  SCV  
  14  0:17  Supply Depot  
  14  0:25  SCV  
  15  0:39  SCV  
  15  0:42  Barracks  
  16  0:44  Refinery  
  16  0:51  SCV  
  17  1:03  SCV  
  18  1:15  SCV  
  19  1:28  Orbital Command  
  19  1:29  Reaper  
  20  1:40  Command Center  
  20  1:51  Supply Depot  
  20  1:54  SCV  
  21  2:01  Reaper  
  21  2:06  SCV  
  23  2:12  Refinery  
  23  2:18  SCV  
  24  2:25  Factory  
  24  2:30  SCV  
  25  2:42  SCV  
  26  2:44  Marine  
  27  2:52  Orbital Command  
  27  2:55  SCV  
  28  3:05  Marine  
  28  3:07  SCV  
  28  3:11  Hellion  
  32  3:13  Starport  
  32  3:24  SCV x2  
  32  3:25  Barracks Reactor  
  33  3:36  SCV x2, Hellion  
  33  3:38  Supply Depot  
  37  3:48  SCV x2  
  39  3:50  Viking  
  41  3:57  Supply Depot  
  41  4:00  SCV x2  
  43  4:09  Barracks Tech Lab  
  43  4:12  SCV x2  
  43  4:14  Hellion x2  
  49  4:17  Supply Depot  
  49  4:24  Factory  
  49  4:26  SCV x2  
  49  4:31  Engineering Bay, Starport Reactor  
  51  4:35  Hellion x2  
  51  4:38  SCV x2  
  57  4:44  Factory  
  57  4:47  Barracks Tech Lab  
  57  4:50  SCV x2, Refinery  
  57  4:51  Refinery  
  59  4:55  Liberator  
  59  4:56  Hellion x2, Liberator  
  63  5:02  SCV x2  
  65  5:10  Supply Depot  
  65  5:11  Supply Depot  
  70  5:36  Supply Depot  
  70  5:37  Hellion x2  
  70  5:38  Siege Tank  
  71  5:48  Siege Tank  
  57  6:10  Hellion x2, Siege Tank  
  60  6:16  Viking  
  52  6:29  Command Center  
  52  6:35  Hellion x2  
  52  6:36  Siege Tank  
  59  6:58  Armory  
  59  7:06  SCV x2  
  59  7:08  Hellion x2, Siege Tank  
  68  7:16  Siege Tank  
  68  7:19  SCV  
  68  7:20  SCV  
  68  7:22  Viking  
  75  7:32  Viking  
  75  7:33  Hellion x2  
  81  7:40  Orbital Command  
  81  7:41  Supply Depot  
  81  7:43  Siege Tank  
  84  7:50  SCV x2  
  86  7:57  Hellion x2  
  88  8:00  Orbital Command  
  88  8:02  Siege Tank  
  91  8:11  Viking  
  93  8:14  Viking  
  93  8:17  Missile Turret  
  95  8:23  SCV x2  
  95  8:25  SCV  
  98  8:28  Siege Tank, Hellbat x2  
  96  8:41  SCV x3  
  96  8:42  Siege Tank  
  102  8:49  Hellbat  
  102  8:51  Missile Turret  
  102  8:52  Refinery  
  102  8:53  SCV x2, Refinery  
  102  8:54  SCV  
  107  8:56  Viking  
  109  9:05  Missile Turret  
  109  9:15  Missile Turret  
  109  9:19  Supply Depot  
  109  9:23  Supply Depot x2, Viking, Hellbat, SCV x3  
  116  9:26  Missile Turret  
  116  9:40  Siege Tank  
  116  9:41  Siege Tank, Hellbat  
  116  9:43  Supply Depot  
  124  9:46  Supply Depot, Missile Turret  
  124  9:47  Supply Depot, SCV x2  
  126  9:55  Command Center  
  126  10:01  Viking x2, Missile Turret  
  126  10:02  Missile Turret  
  126  10:05  Missile Turret, Infernal Pre-Igniter  
  134  10:07  Hellbat x2  
  134  10:13  SCV x2, Siege Tank  
  134  10:14  SCV  
  140  10:30  Sensor Tower, Missile Turret  
  140  10:36  Siege Tank, Sensor Tower  
  140  10:37  Hellbat x2  
  140  10:39  Medivac x2  
  151  10:45  Siege Tank  
  154  10:52  Armory  
  154  10:53  Missile Turret  
  154  10:57  Supply Depot, Missile Turret  
  154  11:01  Supply Depot  
  154  11:02  Hellbat x2  
  158  11:14  Medivac x2  
  162  11:20  Supply Depot  
Show
View Real Time Build Order
Export as new Build Order

LilDicky Terran 

Build Orders: Liberator Opening 

Get SALT Encoding   

  12  0:01  SCV  
  13  0:13  SCV  
  14  0:22  Supply Depot  
  14  0:25  SCV  
  15  0:43  SCV  
  15  0:45  Refinery  
  15  0:47  Barracks  
  16  0:55  SCV  
  17  1:07  SCV  
  18  1:20  SCV  
  19  1:26  Refinery  
  19  1:32  SCV  
  20  1:34  Marine  
  21  1:40  Supply Depot  
  21  1:50  Orbital Command  
  21  1:53  Factory  
  21  1:57  Marine  
  22  2:12  Supply Depot  
  22  2:15  Marine  
  23  2:18  SCV  
  24  2:30  SCV  
  25  2:40  Factory Tech Lab  
  25  2:42  Starport  
  25  2:43  SCV  
  26  2:45  Marine  
  27  2:55  SCV  
  28  3:00  Supply Depot  
  28  3:03  Engineering Bay  
  28  3:04  Marine  
  29  3:05  Siege Tank  
  29  3:07  SCV  
  33  3:15  Liberator  
  36  3:35  SCV  
  36  3:36  Supply Depot  
  36  3:37  Marine  
  36  3:41  Siege Tank  
  41  3:49  Missile Turret  
  41  3:50  SCV  
  42  4:02  SCV  
  43  4:04  Marine  
  44  4:13  Siege Tank  
  47  4:30  SCV  
  48  4:34  Supply Depot  
  48  4:38  Command Center  
  48  4:40  Supply Depot  
  48  4:41  Marine  
  48  4:42  SCV  
  48  4:44  Viking  
  48  4:45  Siege Tank  
  55  5:13  Marine  
  55  5:14  Viking  
  56  5:15  SCV  
  56  5:17  Siege Tank  
  47  5:54  Siege Tank  
  38  6:20  Marine  
  38  6:21  SCV  
  38  6:24  Viking  
  42  6:27  Command Center, Orbital Command  
  42  6:30  Refinery  
  42  6:31  Barracks  
  42  6:32  Refinery, Barracks  
  39  6:53  Siege Tank  
  39  6:59  Marine  
  39  7:00  Viking  
  38  7:05  SCV  
  39  7:12  SCV  
  40  7:18  SCV  
  41  7:24  SCV  
  41  7:25  Marine  
  43  7:30  SCV, Viking  
  43  7:34  Marine x2  
  48  7:37  Siege Tank  
  48  7:42  SCV  
  48  7:43  SCV  
  53  7:47  Liberator  
  56  8:09  SCV, Siege Tank  
  56  8:10  Orbital Command  
  60  8:14  Marine x3  
  63  8:22  SCV x2, Starport  
  62  8:34  SCV x2  
  52  8:42  Siege Tank  
  52  8:43  Marine  
  52  8:44  Marine x2  
  56  8:50  Command Center, SCV  
  56  8:51  SCV  
  58  8:56  Starport Reactor  
  58  9:00  Starport Reactor  
  58  9:06  Marine x2  
  58  9:07  Marine  
  58  9:08  Supply Depot, SCV  
  62  9:14  SCV, Siege Tank  
  67  9:25  Barracks Tech Lab  
  67  9:26  Barracks Tech Lab, Marine  
  67  9:27  SCV  
  68  9:33  SCV  
  68  9:35  Medivac  
  68  9:36  Medivac x3  
  68  9:37  SCV  
  78  9:39  SCV  
  78  9:44  Combat Shields, Stimpack, Marine  
  78  9:45  Marine x2  
  82  9:46  SCV  
  82  9:49  SCV  
  82  9:52  SCV  
  85  9:54  Supply Depot  
  85  9:57  Refinery  
  85  9:58  SCV  
  85  9:59  Refinery  
  86  10:01  SCV  
  86  10:02  Marine x2  
  86  10:04  Marine  
  90  10:11  Medivac x3  
  96  10:15  Missile Turret  
  96  10:17  Medivac  
  96  10:20  Marine x2  
  100  10:25  Marine  
  101  10:30  Siege Tank  
  104  10:37  Marine  
  104  10:38  Marine  
  106  10:43  Marine  
  107  10:55  Marine  
  107  10:56  Marauder  
  110  11:01  Marauder  
  112  11:13  Marine  
  112  11:14  Supply Depot  
  112  11:15  Supply Depot  
  112  11:17  SCV  
  112  11:18  SCV  
  116  11:25  Refinery x2  
  115  11:27  Marine x2  
  115  11:31  Marine  
  125  11:40  Command Center  
  125  11:43  Command Center  
Tags
 
Add a new tag
Caveats
  • Supply blocks, unpowered buildings, or Contaminate may cause inaccurate times.
  • Supply counts are checked every 10 seconds.